Map: Orbital Shipyard

Players

Miszu

  • Race: Terran Terran
  • League: Master

Shiek - Winner!

  • Race: Terran Terran
  • League: Grandmaster

VOD

Have the link to the VOD?

Description

Time

  • Played on: March 18, 2016, 2:16 p.m.
  • Length: 2:40
Show
View Real Time Build Order
Export as new Build Order

Miszu Terran 

Build Orders:  

Get SALT Encoding   

  12  0:00  SCV  
  13  0:13  SCV  
  14  0:18  Supply Depot  
  14  0:25  SCV  
  15  0:40  Barracks, SCV  
  16  0:43  Refinery  
  16  0:52  SCV  
  17  1:02  Barracks  
  17  1:04  SCV  
  18  1:15  Barracks  
  18  1:20  SCV  
  19  1:34  Reaper  
  19  1:38  Orbital Command  
  20  1:47  Supply Depot  
  20  1:49  Reaper  
  21  1:57  Refinery  
  21  2:03  SCV  
  21  2:04  Reaper  
  23  2:15  SCV  
  24  2:21  Supply Depot  
  24  2:27  SCV  
Show
View Real Time Build Order
Export as new Build Order

Shiek Terran - Winner!

Build Orders:  

Get SALT Encoding   

  12  0:01  SCV  
  13  0:13  SCV  
  14  0:17  Supply Depot  
  14  0:25  SCV  
  15  0:39  SCV  
  15  0:40  Barracks  
  16  0:44  Refinery  
  16  0:51  SCV  
  17  1:03  SCV  
  18  1:15  SCV  
  19  1:27  Orbital Command  
  19  1:28  Reaper  
  20  1:46  Barracks  
  20  1:49  Barracks  
  20  1:51  Supply Depot  
  20  1:54  SCV  
  21  1:59  Refinery  
  21  2:02  Reaper  
  21  2:07  SCV  
  23  2:19  Bunker, SCV  
  24  2:29  Factory  
Tags
 
Add a new tag
Caveats
  • Supply blocks, unpowered buildings, or Contaminate may cause inaccurate times.
  • Supply counts are checked every 10 seconds.